Map: Torches LE

Players

BabyMarine - Winner!

  • Race: Terran Terran
  • Spawn Location: 5:00

ShoWTimE

  • Race: Protoss Protoss
  • League: Grandmaster
  • Spawn Location: 1:00

Event: HomeStory Cup XXVII

VOD

Have the link to the VOD?

Description

Time

  • Played on: June 27, 2025, 3:21 p.m.
  • Length: 18:21

All games in this series

Show
View Real Time Build Order
Export as new Build Order

BabyMarine Terran - Winner!

Build Orders: 1/1/1 

Get SALT Encoding   

  12  0:00  SCV  
  13  0:12  SCV  
  14  0:17  Supply Depot  
  14  0:24  SCV  
  14  0:28  Refinery  
  15  0:38  SCV  
  16  0:46  Barracks  
  16  0:51  SCV  
  17  1:05  Engineering Bay  
  17  1:06  SCV  
  18  1:18  SCV  
  19  1:33  Marine  
  19  1:34  Orbital Command  
  20  1:40  Factory  
  20  1:52  Barracks Reactor  
  20  1:59  Supply Depot, SCV  
  21  2:11  SCV  
  22  2:23  Command Center  
  22  2:29  Starport  
  22  2:33  Hellion  
  24  2:38  Hellion  
  24  2:42  Supply Depot  
  26  2:46  SCV  
  27  2:54  Hellion  
  29  3:00  Barracks Tech Lab  
  29  3:01  SCV  
  30  3:11  Medivac  
  32  3:16  SCV  
  33  3:21  Refinery  
  33  3:24  Marine x2  
  35  3:29  SCV  
  36  3:35  Barracks  
  36  3:41  SCV  
  37  3:42  Marine x2  
  39  3:51  Orbital Command  
  39  3:53  SCV  
  38  3:58  Siege Tank  
  38  4:02  Marine  
  42  4:05  SCV  
  42  4:06  Marine  
  44  4:14  Supply Depot  
  44  4:17  SCV  
  44  4:19  SCV  
  44  4:20  Marine  
  44  4:22  Marine  
  48  4:24  Marine  
  48  4:30  Siege Tank  
  52  4:36  Supply Depot  
  52  4:38  Marine  
  52  4:40  Marine  
  52  4:43  SCV x2  
  52  4:45  Marine  
  57  4:50  Barracks  
  57  4:58  SCV  
  57  4:59  Supply Depot  
  58  5:02  Marine, Siege Tank  
  58  5:03  Marine  
  58  5:04  SCV  
  64  5:08  Liberator  
  65  5:21  Marine x2  
  65  5:22  Marine  
  65  5:23  SCV  
  69  5:29  SCV  
  69  5:33  Supply Depot  
  69  5:34  Siege Tank  
  69  5:35  Supply Depot, SCV  
  74  5:40  Marine x2, Barracks Tech Lab  
  74  5:41  SCV  
  75  5:53  Marine  
  75  5:54  SCV  
  68  5:58  Marine x2  
  68  5:59  Marauder  
  68  6:00  SCV  
  67  6:05  Stimpack  
  67  6:06  SCV  
  64  6:17  SCV  
  63  6:18  Refinery  
  63  6:19  Command Center  
  63  6:21  Marauder, Marine x2  
  63  6:25  Factory Reactor  
  67  6:26  Marine  
  67  6:27  SCV  
  67  6:29  SCV  
  67  6:34  Engineering Bay, Combat Shield  
  67  6:39  Marine  
  68  6:40  Starport Reactor  
  68  6:44  Marauder  
  70  6:47  SCV x2  
  70  6:48  Refinery  
  70  6:49  Marauder  
  70  6:50  Marine  
  73  7:02  Marine  
  73  7:03  Widow Mine x2  
  73  7:05  SCV  
  73  7:08  SCV  
  80  7:14  Marauder x2  
  83  7:17  SCV  
  83  7:19  Barracks x2, Medivac  
  86  7:26  Medivac  
  86  7:27  Marine x2  
  86  7:28  SCV  
  86  7:29  SCV  
  92  7:34  Widow Mine x2  
  96  7:37  Supply Depot  
  96  7:38  Terran Infantry Weapons Level 1  
  96  7:40  SCV  
  101  7:44  Marauder x2  
  101  7:47  Supply Depot, SCV  
  101  7:48  Concussive Shells  
  101  7:50  Marine  
  103  7:57  Widow Mine x2  
  107  7:59  SCV  
  107  8:02  Orbital Command  
  107  8:11  Marauder x2, Marine, Barracks Reactor  
  107  8:12  Barracks Tech Lab, Marine  
  113  8:15  SCV x2  
  113  8:18  Medivac  
  117  8:22  Widow Mine x2  
  121  8:30  Marine x2  
  116  8:35  Marauder x2  
  116  8:38  SCV x3  
  116  8:39  Ghost Academy  
  123  8:43  Widow Mine  
  123  8:45  Supply Depot x2  
  123  8:46  Widow Mine  
  127  8:50  Marine  
  127  8:51  Marauder  
  131  8:55  SCV  
  131  8:56  Marauder  
  131  8:58  SCV  
  118  9:04  Medivac  
  118  9:05  Widow Mine  
  118  9:08  SCV x2, Widow Mine  
  124  9:10  SCV  
  124  9:11  Supply Depot  
  124  9:14  Marine x2  
  124  9:20  SCV  
  124  9:21  SCV  
  122  9:26  SCV  
  126  9:37  SCV x2  
  131  9:38  Supply Depot  
  131  9:41  SCV  
  132  9:46  Refinery  
  132  9:47  Unknown, Refinery  
  132  9:49  SCV  
  132  9:50  Marine  
  137  9:53  SCV  
  137  9:57  Supply Depot, Marine x3  
  137  9:58  Unknown  
  141  10:03  Unknown  
  141  10:06  Armory  
  141  10:12  Marauder x2, Marine  
  141  10:13  Factory, Widow Mine  
  148  10:15  Marine  
  148  10:16  Widow Mine  
  148  10:17  Unknown  
  148  10:20  Engineering Bay  
  151  10:21  SCV  
  151  10:24  SCV  
  151  10:26  SCV  
  151  10:27  Marine x2  
  151  10:28  Marauder  
  158  10:33  Marauder  
  160  10:42  Viking x2  
  164  10:43  Command Center, Supply Depot  
  164  10:49  Widow Mine x2  
  167  11:07  Marauder x2, Marine x3  
  167  11:10  Terran Infantry Weapons Level 2, Factory Tech Lab  
  171  11:11  Terran Infantry Armor Level 1  
  171  11:14  Missile Turret  
  173  11:18  Medivac x2  
  173  11:21  Unknown, Widow Mine x2  
  173  11:24  SCV  
  174  11:35  Marauder, Marine x3  
  174  11:36  Marauder  
  181  11:54  Marine  
  181  11:55  Marauder, Drilling Claws, Widow Mine x2  
  181  11:57  Marauder, SCV  
  193  12:01  SCV  
  173  12:11  Widow Mine  
  173  12:13  Sensor Tower  
  173  12:14  Marauder, Marine  
  171  12:15  Command Center  
  171  12:16  Marauder, Widow Mine  
  171  12:17  Barracks  
  171  12:19  Barracks, Planetary Fortress  
  171  12:20  Barracks  
  175  12:23  Medivac  
  175  12:26  Medivac  
  175  12:29  Widow Mine  
  181  12:30  Marine  
  185  12:38  Marine x2  
  185  12:39  Marauder  
  189  12:53  Widow Mine x2  
  196  12:59  Viking x2  
  196  13:03  Unknown  
  200  13:09  Command Center  
  200  13:21  Unknown  
  200  13:24  Widow Mine  
  199  13:27  SCV  
  172  13:36  Widow Mine x2  
  172  13:37  Terran Infantry Armor Level 2, Terran Infantry Weapons Level 3  
  172  13:40  Marauder x3  
  172  13:41  Barracks Tech Lab x2, SCV  
  176  13:42  SCV  
  176  13:44  Viking x2  
  182  13:55  Terran Ship Weapons Level 1  
  182  14:00  Barracks Tech Lab  
  182  14:01  Marauder x2  
  186  14:04  Widow Mine x2  
  186  14:06  Siege Tank  
  186  14:08  Planetary Fortress  
  193  14:16  Command Center  
  187  14:25  Marine x2  
  187  14:26  Marauder x2  
  187  14:30  Widow Mine x2  
  186  14:32  Marauder x3, Viking  
  194  14:44  Marauder  
  186  15:01  Medivac  
  186  15:02  Medivac  
  186  15:06  Siege Tank  
  189  15:07  Marauder x5, Widow Mine x2  
  189  15:10  Fusion Core  
  199  15:20  Starport  
  199  15:35  Widow Mine x2  
  195  15:38  Siege Tank  
  195  15:40  Medivac x2  
  189  15:46  Marauder x4  
  189  15:48  Orbital Command  
  195  15:52  Refinery  
  195  15:53  Refinery  
  195  15:56  Widow Mine x2  
  199  16:04  Unknown, Starport Reactor  
  196  16:09  SCV  
  186  16:16  Marauder x3  
  186  16:17  SCV  
  197  16:20  SCV  
  198  16:28  Widow Mine  
  198  16:29  Widow Mine x2  
  198  16:31  Unknown  
  186  16:33  SCV  
  186  16:36  Viking x2  
  186  16:38  Planetary Fortress  
  186  16:42  SCV  
  186  16:44  Unknown x2  
  186  16:45  Marauder x6  
  186  16:47  Refinery  
  194  16:48  SCV  
  185  17:05  SCV  
  185  17:06  Marauder x2  
  187  17:11  Orbital Command  
  187  17:15  Marauder x2, SCV x2  
  183  17:25  Widow Mine x2  
  183  17:27  SCV x2  
  183  17:28  Marauder x2  
  187  17:30  SCV x2  
  187  17:35  Marauder, Unknown x2  
  189  17:45  Marauder x2  
  189  17:47  SCV  
  189  17:49  SCV x2  
  189  17:51  SCV x2  
  193  18:01  SCV  
  171  18:08  SCV  
Show
View Real Time Build Order
Export as new Build Order

ShoWTimE Protoss 

Build Orders: 1 Gate Expand, Phoenix Opening, Blink Stalkers 

Get SALT Encoding   

  12  0:00  Probe  
  13  0:12  Probe  
  14  0:17  Pylon  
  14  0:24  Probe  
  15  0:32  Assimilator  
  15  0:36  Probe  
  15  0:42  Gateway  
  16  0:45  Probe  
  17  0:54  Probe  
  17  1:03  Probe  
  20  1:29  Cybernetics Core  
  20  1:31  Nexus  
  19  1:34  Probe  
  20  1:40  Pylon  
  20  1:46  Probe  
  21  1:47  Assimilator  
  21  1:56  Adept  
  21  1:58  Probe  
  22  2:06  Warp Gate  
  24  2:10  Probe  
  25  2:18  Sentry  
  25  2:22  Probe  
  28  2:34  Probe, Twilight Council  
  29  2:38  Stalker  
  32  2:44  Probe  
  32  2:46  Probe  
  33  2:55  Phoenix  
  33  2:56  Gateway, Probe  
  33  2:58  Probe, Blink  
  35  3:06  Shield Battery  
  35  3:07  Stalker  
  35  3:08  Probe  
  38  3:13  Probe  
  39  3:21  Probe  
  39  3:26  Pylon, Probe  
  41  3:33  Probe  
  42  3:38  Probe  
  43  3:46  Probe  
  40  3:50  Probe  
  40  3:56  Stalker x2  
  40  3:58  Probe  
  40  4:02  Probe  
  46  4:09  Pylon  
  46  4:10  Probe  
  46  4:11  Phoenix  
  46  4:14  Probe  
  48  4:22  Nexus  
  48  4:24  Probe  
  48  4:27  Probe  
  50  4:36  Probe  
  51  4:39  Probe  
  51  4:41  Stalker  
  51  4:42  Stalker  
  56  4:48  Forge, Probe  
  56  4:51  Probe  
  58  5:00  Probe  
  58  5:03  Probe, Templar Archives  
  58  5:04  Assimilator  
  58  5:05  Charge  
  58  5:06  Assimilator  
  60  5:12  Stalker  
  62  5:15  Gateway  
  62  5:19  Stalker  
  62  5:25  Shield Battery  
  62  5:36  Stalker  
  62  5:37  Gateway x2  
  62  5:40  Gateway  
  55  5:54  Stalker  
  46  5:59  Probe, Zealot  
  46  6:01  Probe x2  
  38  6:07  Probe  
  38  6:09  Probe  
  40  6:13  Probe  
  40  6:15  Probe  
  40  6:16  Stalker  
  45  6:30  Probe  
  45  6:32  Probe  
  45  6:33  Probe  
  45  6:38  Probe  
  48  6:40  Probe  
  48  6:45  Probe  
  51  6:47  Probe  
  51  6:49  Probe  
  51  6:50  Psionic Storm  
  51  7:01  Probe  
  51  7:02  Probe x2  
  51  7:05  High Templar  
  56  7:13  Probe  
  56  7:14  Probe x2  
  59  7:20  High Templar  
  61  7:24  Zealot x2  
  61  7:25  Probe  
  61  7:26  Probe  
  61  7:27  Probe  
  68  7:34  Probe  
  68  7:35  High Templar  
  70  7:38  Probe  
  70  7:39  Probe  
  70  7:42  Pylon, Probe  
  73  7:49  Pylon  
  73  7:50  Probe  
  73  7:51  Probe  
  76  7:53  Probe  
  76  7:56  Gateway  
  76  7:57  Gateway  
  77  8:01  Pylon  
  77  8:02  Probe, Zealot  
  77  8:03  Probe  
  77  8:05  High Templar x2  
  85  8:11  Zealot x2  
  87  8:15  Pylon  
  87  8:17  Zealot  
  89  8:23  Pylon, Zealot  
  91  8:32  Stalker x2  
  93  8:38  Stalker x3  
  99  8:46  Probe x3  
  99  8:47  Pylon  
  102  8:54  Robotics Facility  
  102  8:55  Forge  
  102  8:57  Pylon  
  102  9:00  High Templar  
  96  9:06  Zealot x5  
  96  9:07  Protoss Ground Weapons Level 1  
  106  9:12  Pylon  
  104  9:17  High Templar x2  
  100  9:25  Probe  
  100  9:26  Probe x2  
  100  9:28  Assimilator  
  100  9:30  Assimilator, Zealot x5  
  111  9:37  Warp Prism  
  111  9:38  Pylon, Probe x3  
  114  9:41  Zealot  
  120  9:54  High Templar x2  
  120  9:58  Zealot x4  
  130  10:03  Pylon  
  130  10:12  Robotics Bay  
  130  10:13  Pylon  
  130  10:20  High Templar  
  132  10:21  Zealot x5  
  132  10:27  Zealot x2  
  144  10:35  Observer  
  144  10:41  Pylon  
  145  10:43  Pylon  
  145  10:48  Zealot x4  
  145  10:49  Zealot x3  
  155  10:54  Protoss Ground Weapons Level 2  
  155  10:58  Nexus  
  155  11:10  Colossus  
  151  11:11  Zealot x5  
  161  11:22  Extended Thermal Lance  
  167  11:37  High Templar x2  
  165  11:44  Archon x2  
  165  11:46  Zealot x6  
  176  11:48  Colossus  
  134  12:10  Zealot x3  
  134  12:11  Zealot x5  
  148  12:18  Probe  
  148  12:19  Probe  
  150  12:23  Probe  
  151  12:32  Gateway, High Templar x4  
  151  12:34  Gateway  
  151  12:35  Colossus  
  151  12:36  Gateway, Archon, High Templar  
  161  12:37  Archon  
  161  12:40  High Templar  
  163  12:49  High Templar x2  
  173  12:53  Archon  
  173  13:03  Pylon, Probe x2  
  173  13:04  Pylon  
  175  13:08  High Templar x2  
  167  13:14  Nexus  
  167  13:17  Zealot x4  
  173  13:24  Protoss Ground Weapons Level 3  
  173  13:29  Pylon  
  157  13:38  High Templar x3  
  149  13:46  Zealot x8  
  165  13:49  Probe x2  
  167  13:59  Forge  
  167  14:06  Zealot x4  
  167  14:07  Zealot x4  
  169  14:27  Nexus  
  151  14:31  High Templar x5  
  151  14:35  Archon x2  
  151  14:37  Zealot x6  
  173  14:43  Pylon  
  169  14:58  Zealot x3  
  157  15:03  Zealot x5  
  167  15:07  Probe x3  
  167  15:08  Probe  
  167  15:11  Zealot x3  
  177  15:20  Probe x2  
  177  15:21  Probe x2  
  181  15:32  Probe  
  156  15:36  Zealot x7  
  156  15:37  Observer  
  141  15:45  Zealot x3  
  141  15:48  Stalker  
  141  15:49  Observer  
  139  15:54  Probe  
  141  15:58  Zealot x3  
  141  16:02  Zealot x2  
  149  16:06  Observer  
  149  16:07  Zealot x2  
  144  16:17  Zealot x4  
  146  16:20  Zealot  
  146  16:22  High Templar  
  142  16:32  Zealot x3  
  138  16:33  Zealot x2  
  136  16:49  Zealot x3  
  136  16:52  Probe x2  
  135  17:02  Colossus  
  135  17:07  Zealot x7  
  139  17:23  Zealot x4  
  139  17:34  High Templar  
  141  17:43  Stalker x3  
  141  17:44  Nexus  
  147  17:48  High Templar x6  
  147  17:50  High Templar  
  161  17:54  Archon  
  161  17:55  Archon x2  
  161  17:57  Archon  
  118  18:12  Zealot x4  
Tags
 
Add a new tag
Caveats
  • Supply blocks, unpowered buildings, or Contaminate may cause inaccurate times.
  • Supply counts are checked every 10 seconds.